 Dungeon Crawl Stone Soup version 0.31-a0-940-gdaa99269f9 (webtiles) character file.

Game seed: 17689684199680227400

37 Xavori the Cutter (level 3, 0/20 HPs)
             Began as a Vine Stalker Chaos Knight on Oct 20, 2023.
             Was a Plaything of Xom.
             Slain by a kobold
             ... wielding a +2 whip of electrocution
              (7 damage)
             ... on level 1 of the Dungeon.
             The game lasted 00:00:34 (673 turns).

Xavori the Cutter (Vine Stalker Chaos Knight)        Turns: 673, Time: 00:00:35

Health: 0/20       AC:  5    Str: 14    XL:     3   Next: 41%
Magic:  0/4        EV: 11    Int: 12    God:    Xom [..*...]
Gold:   59         SH:  0    Dex: 15    Spells: 2/2 levels left

rFire   . . .        a - +0 short sword (chaos)
rCold   . . .        (no shield)
rNeg    . . .        b - +2 leather armour
rPois   .            (no helmet)
rElec   .            (no cloak)
rCorr   .            (no gloves)
SInv    .            (no boots)
Will    .....        (no amulet)
Stlth   +            (no ring)
HPRegen 1.03/turn    (no ring)
MPRegen 0.09/turn

%: guardian spirit
@: no status effects
A: fangs 2, regeneration 1, magic shield, antimagic bite, no potion heal 2
a: Renounce Religion


You were on level 1 of the Dungeon.
You worshipped Xom.
You were a toy of Xom.
You visited 1 branch of the dungeon, and saw 1 of its levels.

You collected 59 gold pieces.

Inventory:

Hand Weapons
 a - a +0 short sword of chaos (weapon)
Armour
 b - a +2 leather armour (worn)
Scrolls
 c - a scroll of butterflies
 e - 2 scrolls of enchant armour {unknown}
 f - a scroll of enchant weapon {unknown}
Potions
 d - 2 potions of degeneration {unknown}


   Skills:
 + Level 3.0 Fighting
 + Level 3.0 Short Blades
 + Level 2.0 Armour
 + Level 1.4 Dodging


You had 2 spell levels left.
You didn't know any spells.
Your spell library was empty.

Dungeon Overview and Level Annotations

Branches:
Dungeon (1/15)

Altars:


Innate Abilities, Weirdness & Mutations

You have extremely sharp teeth.
Your natural rate of healing is unusually fast.
When hurt, damage is shared between your health and your magic reserves.
Your bite disrupts and absorbs the magic of your enemies.
Potions cannot restore your health.


Message History

You barely miss the jackal.
The jackal barks!
The jackal bites you but does no damage.
A jackal is nearby!
You hit the jackal but do no damage.
A jackal comes into view.
The jackal barely misses you.
There are monsters nearby!
You hit the jackal. You drain the jackal.
You kill the jackal!
The jackal barely misses you.
A jackal is nearby!
You miss the jackal. The jackal barely misses you.
You hit the jackal.
The jackal is poisoned.
You bite the jackal.
You kill the jackal!
You swap places.
You see here a +0 short sword.
A kobold comes into view.
It is wielding a +2 whip of electrocution.
A kobold is nearby!
Found a scroll labelled UMAIHERAATH.
A kobold is nearby!
A kobold is nearby!
The kobold shouts!
A kobold is nearby!
The kobold hits you with a +2 whip of electrocution.
You are electrocuted!
Ouch! That really hurt!
A shower of butterflies erupts from you!
You are too injured to fight recklessly!
A kobold is nearby!
You are too injured to fight recklessly!
You are too injured to fight recklessly!
A kobold is nearby!
You are too injured to fight recklessly!
A kobold is nearby!
You are too injured to fight recklessly!
The kobold hits you with a +2 whip of electrocution.
You are electrocuted!
You die... "This toy is broken."

..♣♣♣♣♣#.##.........♣♣♣##########
.......#.##.......♣♣.
.......#.##.....#.♣ .P
....)...........#.#♣ ..
...........######..♣♣♣..
...........#######..♣♣
####♣♣♣♣.............♣
...♣PP♣♣♣#####.b.....# ##...PP.♣♣
#..@K...# ##.♣..Z..♣♣ #.b.....#
##.♣P.PP♣.♣♣##.b...?.#
##.#♣..P..♣♣.........#
##.#♣♣P......######.## ##..
♣♣♣P♣♣♣## ..# #### ♣.♣ .# ### ..
#.


You could see a kobold (ally target).

Vanquished Creatures
  A dart slug (D:1)
  5 endoplasms (D:1)
  2 giant cockroaches (D:1)
  A goblin (D:1)
  3 hobgoblins (D:1)
  4 jackals (D:1)
  5 kobolds (D:1)
  A quokka (D:1)
  2 ball pythons (D:1)
  A bat (D:1)
  3 frilled lizards (D:1)
  4 rats (D:1)
32 creatures vanquished.

Notes
Turn   | Place    | Note
-------+----------+-------------------------------------------
     0 | D:1      | Xavori the Vine Stalker Chaos Knight began the quest for
                  | the Orb.
     0 | D:1      | Reached XP level 1. HP: 11/11 MP: 2/2
    65 | D:1      | XOM: potion effect (berserk rage)
   114 | D:1      | Reached skill level 1 in Dodging
   171 | D:1      | Reached XP level 2. HP: 16/16 MP: 3/3
   274 | D:1      | XOM: silly message
   480 | D:1      | XOM: potion effect (haste)
   481 | D:1      | Reached XP level 3. HP: 14/19 MP: 4/4
   606 | D:1      | XOM: divination: detect items
   672 | D:1      | XOM: butterfly on damage
   673 | D:1      | Slain by a kobold

Illustrated notes

Levels and vault maps discovered:
D:1:      psy_arrival_radial01, layout_basic, serial_forest,
          infiniplex_forest_end_double, infiniplex_forest_end_3,
          infiniplex_forest_end_3, infiniplex_forest_straight_5,
          infiniplex_forest_diagonal, infiniplex_forest_lined_2,
          infiniplex_forest_end_3

Skill      XL: |  1  2  3 |
---------------+----------+-----
Dodging        | 1 |  1.4
Short Blades   | 3 |  3.0
Fighting       | 3 |  3.0
Armour         | 2 |  2.0

Action                     || total
---------------------------++-------
  Melee: Short sword       ||    87
         Bite              ||    24
 Armour: Leather armour    ||    28
  Dodge: Dodged            ||    57

Table legend: (Time is in decaauts)
 A = Elapsed time spent in this place.
 B = Non-inter-level travel time spent in this place.
 C = Inter-level travel time spent in this place.
 D = Time resting spent in this place.
 E = Time spent auto-exploring this place.
 F = Levels seen in this place.
 G = Mean time per level.
                   A        B        C        D        E       F      G
               +--------+--------+--------+--------+--------+-----+--------+
         Total |    647 |    647 |      0 |     10 |    489 |   1 |  647.0 |
       Dungeon |    647 |    647 |      0 |     10 |    489 |   1 |  647.0 |
               +--------+--------+--------+--------+--------+-----+--------+

Top non-repeatable levels by time:
     D:1: 647 daAuts
